 Dungeon Sprint DCSS version 0.23.0-3-gf3c87f2 (webtiles) character file.

Game seed: 1280288751118269527

235 nuthulu the Ruffian (level 5, -14/88 HPs)
             Began as a Troll Monk on Feb 20, 2019.
             Was an Elder of Yredelemnul.
             Demolished by a deep troll (19 damage)
             ... in the Dungeon (Sprint VII: "The Pits").
             The game lasted 00:01:29 (253 turns).

nuthulu the Ruffian (Troll Monk)                     Turns: 253, Time: 00:01:31

Health: -14/88     AC:  2    Str: 25    XL:     5   Next: 76%
Magic:  6/7        EV: 12    Int:  6    God:    Yredelemnul [****..]
Gold:   0          SH:  0    Dex: 12    Spells: 4/4 levels left

rFire    . . .     SeeInvis .     - Unarmed
rCold    . . .     Gourm    +   (no shield)
rNeg     . . .     Faith    .   a - +0 robe
rPois    .         Spirit   .   (helmet restricted)
rElec    .         Reflect  .   (no cloak)
rCorr    .         Harm     .   (gloves unavailable)
MR       .....     NoTele   +   (boots unavailable)
Stlth    ..........             (no amulet)
HPRegen  0.64/turn              (no ring)
MPRegen  0.10/turn              (no ring)

@: berserking, corroded, very slightly contaminated, invisible, very quick
A: large, unfitting armour, claws 3, fast metabolism 3, gourmand, regeneration
1, shaggy fur 1, tough skin 3
a: Recall Undead Slaves, Injury Mirror, Animate Dead, Drain Life, Renounce
Religion


You were in the Dungeon.
You worshipped Yredelemnul.
Yredelemnul was greatly pleased with you.
You were not hungry.

You visited 1 branch

Inventory:

Armour
 a - a +0 robe (worn)
 m - +0 acid dragon scales
Scrolls
 h - a scroll of blinking
 j - 3 scrolls of remove curse
 k - 5 scrolls of amnesia
 l - a scroll of summoning
Potions
 c - 6 potions of curing
 d - 6 potions of heal wounds
 e - a potion of haste
 f - 4 potions of magic
 g - 2 potions of berserk rage
 i - a potion of invisibility
Comestibles
 b - 10 rations


   Skills:
 + Level 5.6 Fighting
 + Level 5.6 Dodging
 - Level 1.0 Stealth
 + Level 6.8 Unarmed Combat
 + Level 4.8 Invocations


You had 4 spell levels left.
You didn't know any spells.
Your spell library was empty.

Dungeon Overview and Level Annotations

Branches:
Dungeon (1/1)

Altars:
Ashenzari
Cheibriados
Dithmenos
Elyvilon
Fedhas
Gozag
Hepliaklqana
Kikubaaqudgha
Makhleb
Nemelex Xobeh
Okawaru
Qazlal
Ru
Sif Muna
Trog
Uskayaw
Vehumet
Wu Jian
Xom
Yredelemnul
Zin
The Shining One
Beogh
Jiyva
Lugonu


Innate Abilities, Weirdness & Mutations

You are too large for most types of armour.
You have claws for hands.
Your metabolism is lightning-fast.
You like to eat raw meat.
Your natural rate of healing is unusually fast.
You are covered in fur. (AC +1)
You have extremely tough skin. (AC +3)


Message History

The deep troll closely misses your mummy.
The deep troll claws your mummy! The deep troll claws your mummy.
The deep troll bites your mummy. The deep troll claws your mummy.
The deep troll claws your mummy!
Your mummy is destroyed!
You fade into invisibility!
You are very lightly contaminated with residual magic.
A red film seems to cover your vision as you go berserk!
You feel yourself moving faster!
You feel mighty! The deep troll closely misses you. The deep troll claws you!
* * * LOW HITPOINT WARNING * * *
The deep troll closely misses you.
You barely miss the deep troll. You mangle the deep troll!!
The deep troll is heavily wounded.
The deep troll barely misses you. The deep troll claws you!!
* * * LOW HITPOINT WARNING * * *
The deep troll claws you!!
You die...
Your body rises from the dead as a mindless zombie.

#_________.# #_________.#
#_______...###########++###### #
##########'##................# ..
#.?(.')))'.##......#..#......##..
##########.##................++..
#..........)'................++..
+#####'#####......#..#......##..
#...Z.#..##...@T...).......# .
#.....#))#####'#####''######
###'###))##.......##''#
#.....#))##.......##....
#.....#[[##.......##...##
####'##'###...<...##..##
#..).....##.......##..#
#........##.......##..+
###########.......##T##


You could see a deep troll.

Vanquished Creatures
  An acid dragon (D)
  A gnoll (D)
  An adder zombie (D)
  2 leopard geckos (D)
  A bat (D)
  A quokka (D)
  A goblin (D)
8 creatures vanquished.

Vanquished Creatures (collateral kills)
  A water moccasin (D)
  A floating eye (D)
  A kobold (D)
3 creatures vanquished.

Vanquished Creatures (others)
  A wight (D)
  A mummy (D)
  A leopard gecko zombie (D)
  A quokka skeleton (D)
4 creatures vanquished.

Grand Total: 15 creatures vanquished

Notes
Turn   | Place    | Note
-------+----------+-------------------------------------------
     0 | D        | nuthulu the Troll Monk began the quest for the Orb.
     0 | D        | Reached XP level 1. HP: 22/22 MP: 0/0
    12 | D        | Reached XP level 2. HP: 24/31 MP: 1/1
    28 | D        | Found a bloodstained altar of Trog.
    28 | D        | Found a deep blue altar of Sif Muna.
    28 | D        | Found a viscous altar of Jiyva.
    28 | D        | Found a hazy altar of Hepliaklqana.
    28 | D        | Found an opulent altar of Gozag.
    29 | D        | Found a glowing golden altar of the Shining One.
    29 | D        | Found a glowing silver altar of Zin.
    29 | D        | Found a basalt altar of Yredelemnul.
    29 | D        | Found a shimmering altar of Xom.
    29 | D        | Found an ornate altar of the Wu Jian Council.
    29 | D        | Found a sacrificial altar of Ru.
    29 | D        | Found a stormy altar of Qazlal.
    29 | D        | Found an iron altar of Okawaru.
    29 | D        | Found a sparkling altar of Nemelex Xobeh.
    29 | D        | Found a burning altar of Makhleb.
    29 | D        | Found a blossoming altar of Fedhas.
    29 | D        | Found a white marble altar of Elyvilon.
    29 | D        | Found a shadowy altar of Dithmenos.
    29 | D        | Found a snail-covered altar of Cheibriados.
    30 | D        | Found a radiant altar of Vehumet.
    30 | D        | Found a corrupted altar of Lugonu.
    30 | D        | Found a roughly hewn altar of Beogh.
    31 | D        | Found a hide-covered altar of Uskayaw.
    31 | D        | Found an ancient bone altar of Kikubaaqudgha.
    31 | D        | Found a shattered altar of Ashenzari.
    35 | D        | Became a worshipper of Yredelemnul the Dark
    35 | D        | Reached * piety under Yredelemnul
    35 | D        | Reached ** piety under Yredelemnul
    82 | D        | Reached skill level 4 in Unarmed Combat
    86 | D        | Reached *** piety under Yredelemnul
    98 | D        | Noticed a floating eye
    99 | D        | Received a gift from Yredelemnul (a wight)
   101 | D        | Paralysed by a floating eye for 3 turns
   105 | D        | Killed a floating eye
   105 | D        | Reached skill level 5 in Unarmed Combat
   105 | D        | Reached XP level 3. HP: 39/39 MP: 1/4
   105 | D        | Reached XP level 4. HP: 48/48 MP: 1/5
   210 | D        | Noticed a water moccasin
   211 | D        | Noticed a deep troll
   216 | D        | Noticed an acid dragon
   224 | D        | Killed a water moccasin
   224 | D        | Reached **** piety under Yredelemnul
   241 | D        | Killed an acid dragon
   241 | D        | Reached skill level 5 in Fighting
   241 | D        | Reached skill level 5 in Dodging
   241 | D        | Reached skill level 6 in Unarmed Combat
   241 | D        | Reached XP level 5. HP: 16/59 MP: 5/7
   241 | D        | Received a gift from Yredelemnul (a mummy)
   253 | D        | Demolished by a deep troll

Skill      XL: |  1  2  3  4 |
---------------+-------------+-----
Fighting       | 3 4 5 |  5.6
Dodging        | 3 4 5 |  5.6
Unarmed Combat | 5 6 |  6.8
Invocations    | 2 4 |  4.8
Stealth        | |  1.0

Action                   |  1- 3 |  4- 6 || total
-------------------------+-------+-------++-------
Melee: Unarmed           |    16 |     8 ||    24
Invok: Animate Dead      |       |     2 ||     2
  Use: Potion            |       |     2 ||     2
 Stab: Sleeping          |     1 |       ||     1
  Eat: Chunk             |     2 |       ||     2
Armor: Robe              |     2 |       ||     2
Dodge: Dodged            |     7 |     6 ||    13
